 Dungeon Crawl Stone Soup version 0.21-a0-227-g58a7c62 (webtiles) character file.

6 Gorglomux the Insei (level 1, -1/16 HPs)
             Began as a Gnoll Transmuter on Aug 30, 2017.
             Slain by a leopard gecko (5 damage)
             ... on level 1 of the Dungeon.
             The game lasted 00:00:55 (530 turns).

Gorglomux the Insei (Gnoll Transmuter)               Turns: 530, Time: 00:00:56

Health: -1/16      AC:  2    Str:  7    XL:     1   Next: 90%
Magic:  3/4        EV: 12    Int:  7    God:
Gold:   28         SH:  0    Dex:  7    Spells: 5/6 levels left

rFire    . . .     SeeInvis .     - Unarmed
rCold    . . .     Gourm    .   (no shield)
rNeg     . . .     Faith    .   b - +0 robe
rPois    .         Spirit   .   (no helmet)
rElec    .         Reflect  .   (no cloak)
rCorr    .         Harm     .   (no gloves)
MR       .....                  (boots currently unavailable)
Stlth    +.........             (no amulet)
HPRegen  0.05/turn              (no ring)
MPRegen  0.09/turn              (no ring)

@: appendage (expiring)
A: unchanging attributes, fangs 1, talons 3, strong nose
a: End Transformation


You were on level 1 of the Dungeon.
You were not hungry.
You had grown temporary talons.
You visited 1 branch of the dungeon, and saw 1 of its levels.

You collected 28 gold pieces.

Inventory:

Missiles
 a - 12 arrows
Armour
 b - a +0 robe (worn)
Jewellery
 i - an uncursed ring of poison resistance {unknown}
Scrolls
 e - a scroll of enchant armour {unknown}
Potions
 f - a potion of curing {unknown}
Books
 c - a book of Changes

   Spells                             Type                      Level
   a - Beastly Appendage              Transmutation                1
   b - Sticks to Snakes               Transmutation                2
   c - Spider Form                    Transmutation/Poison         3
   d - Ice Form                       Ice/Transmutation            4
   e - Blade Hands                    Transmutation                5
Comestibles
 d - a bread ration
 h - a royal jelly


   Skills:
 + Level 2.1 Fighting
 - Level 2.6 Dodging
 + Level 4.2 Unarmed Combat
 - Level 3.0 Spellcasting
 - Level 2.6 Transmutations


You had 5 spell levels left.
You knew the following spells:

 Your Spells              Type           Power        Failure   Level  Hunger
a - Beastly Appendage     Tmut           #.....       12%         1    ##.....


Dungeon Overview and Level Annotations

Branches:
Dungeon (1/15)

Altars:


Innate Abilities, Weirdness & Mutations

Your physical attributes are unchanging.
You have very sharp teeth.
Your uncanny sense of smell can sniff out nearby items.
You have claws for feet.


Message History

A leopard gecko is nearby!!!
Casting: Beastly Appendage
Confirm with ! or Enter, or press ? or * to list all spells!
Your feet morph into talons!
Your transformation is almost over!
The leopard gecko closely misses you!
You barely miss the leopard gecko! The butt butt misses you!
The leopard gecko bites you!
You butt-ly miss the leopard gecko!
The leopard gecko bites you!
You squash the leopard gecko like an ant!
The leopard gecko is almost butt!
The leopard gecko bites you! * * * don't die
* * * You are too injured to butt recklessly!!!
You are too butt to fight recklessly!!!
You are too injured to fight recklessly!!!
You miss the leopard gecko!
The leopard gecko is almost dead!
The leopard gecko bites you! rip

##... ###.#.#.#.#.# ##
.. #............ #.
######.#>#.#.#.#.# .
##.##.................
.≈
#...#.######.#.#.#.#.#
≈
#.....#####...........
##..........#.#.#.#.#.#
#....l.####............
#@####.#.#.#.#.#.#
#.......###..#####
######......##
##..##### #...# #.#.#
#.#.# #.#.# #.#.#


You could see a leopard gecko.

Vanquished Creatures
  2 giant cockroaches (D:1)
  A goblin (D:1)
  A bat (D:1)
  A kobold (D:1)
  A rat (D:1)
6 creatures vanquished.

Notes
Turn   | Place    | Note
-------+----------+-------------------------------------------
     0 | D:1      | Gorglomux the Gnoll Transmuter began the quest for the Orb.
     0 | D:1      | Reached XP level 1. HP: 15/15 MP: 4/4
   530 | D:1      | Slain by a leopard gecko

Vault maps used:
D:1:      dpeg_cavernosity, serial_bayou_lagoon_a, st_stairs_10

Skill      XL: |  1 |
---------------+----+-----
Fighting       | 2 |  2.1
Dodging        | |  2.6
Unarmed Combat | |  4.2
Spellcasting   | |  3.0
Transmutations | |  2.6

Action                   || total
-------------------------++-------
Melee: Unarmed           ||    36
       Kick              ||     1
       Headbutt          ||     1
       Punch             ||     1
       Bite              ||     1
 Cast: Beastly Appendage ||     5
Armor: Robe              ||     5
Dodge: Dodged            ||    33

Table legend:
 A = Spawn XP
 B = Non-spawn XP
 C = Spawn XP percentage of total XP
 D = Spawn monster count
 E = Non-spawn monster count
 F = Spawn count percentage of total count
 G = Total turns spent on level
                    A         B        C        D         E        F      G
               +---------+---------+-------+---------+---------+-------+---------
         Total |       0 |       9 |   0.0 |       0 |       6 |   0.0 |   530
               +---------+---------+-------+---------+---------+-------+---------
           D:1 |       0 |       9 |   0.0 |       0 |       6 |   0.0 |   530
               +---------+---------+-------+---------+---------+-------+---------
